AoeStats
← Lusty Argonian Maid

Nomad

509713647Analyzed
2v2 RM · 5d ago on Sep 27, 2026· 45m 8s· 4 players
Game mode
Random Map
Map size
176×176
Population
200
Speed
Normal
Resources
Standard
Victory
Conquest
Starting age
Dark Age
Ending age
Imperial Age
RankedLock teamsTeams togetherTeam positionsShared explorationLock speedFull tech treeHidden civsTurbo modeCheats
Victory
Defeat
🇩🇪 Romans · Germany
1510
+12
🇩🇪 Byzantines · Germany
1396
+18
🇬🇧 Lithuanians · United Kingdom
1429
-15
🇬🇧 Burmese · United Kingdom
1423
-15
Nichter90
9:42 Loom
13:06 Feudal Age
14:01 Double-Bit Axe
19:42 Castle Age
19:13 Wheelbarrow
18:26 Fishing Lines
20:01 Scale Barding Armor
20:06 Forging
20:47 Husbandry
21:00 Bloodlines
22:11 Horse Collar
23:50 Heavy Plow
25:12 Medium Warships
26:03 Town Watch
30:19 Chain Barding Armor
34:24 Hand Cart
34:15 Man-at-Arms
34:58 Squires
35:06 Gold Mining
35:27 Long Swordsman
39:53 Imperial Age
39:59 Scale Mail Armor
40:35 Iron Casting
43:01 Conscription
42:33 Cavalier
44:01 Legionary
45:43 Chain Mail Armor
[SINO]Kruppstalin
8:56 Loom
12:32 Feudal Age
13:28 Double-Bit Axe
17:43 Fishing Lines
20:37 Castle Age
18:34 Horse Collar
20:53 Fletching
21:32 Bow Saw
22:59 Medium Warships
23:16 Crossbowman
23:56 Bodkin Arrow
27:25 Pikeman
31:44 Wheelbarrow
31:16 Heavy Plow
36:59 Imperial Age
37:49 Bracer
38:58 Ballistics
39:17 Conscription
39:42 Padded Archer Armor
41:32 Chemistry
40:49 Arbalester
41:56 Thumb Ring
42:24 Leather Archer Armor
44:57 Gold Mining
44:57 Stone Mining
45:24 Hand Cart
Lusty Argonian Maid
10:57 Loom
13:24 Feudal Age
15:31 Fishing Lines
16:58 Wheelbarrow
19:37 Castle Age
17:57 Gold Mining
18:52 Fletching
21:00 Medium Warships
21:38 Town Watch
23:24 Scale Barding Armor
23:45 Horse Collar
26:01 Bodkin Arrow
32:11 Husbandry
35:57 Padded Archer Armor
36:27 Chain Barding Armor
41:04 Imperial Age
39:28 Hand Cart
39:42 Forging
39:55 Bloodlines
40:00 Gillnets
41:27 Heavy Plow
42:18 Iron Casting
42:27 Masonry
44:20 Scale Mail Armor
44:53 Bracer
44:46 Pikeman
Quill-Weave
12:20 Feudal Age
13:06 Town Watch
17:31 Loom
21:26 Castle Age
19:09 Horse Collar
19:34 Gold Mining
20:25 Double-Bit Axe
22:32 Wheelbarrow
22:26 Bow Saw
24:36 Fervor
26:24 Forging
27:03 Scale Barding Armor
27:59 Bloodlines
27:50 Husbandry
31:08 Chain Barding Armor
33:22 Iron Casting
41:37 Imperial Age
39:19 Devotion
39:58 Masonry
40:09 Ballistics
39:48 Stone Mining
41:31 Fletching
43:02 Plate Barding Armor
43:04 Architecture
42:27 Elite Leitis
44:17 Conscription
Connection lost

Rejoining the realm…

Still unreachable

The connection could not be restored.

Session expired

The server has moved on; the page needs a fresh start.